NYP
MAHONING VALLEY SCRAPPERS @ LOS ANGELES (NYP) ANGELS
09/01/2049
 
TOP OF THE 1ST
Mahoning Valley Scrappers batting - Pitching for Los Angeles (NYP) Angels : RHP Kunihiro Sasaki
Pitching: RHP Kunihiro Sasaki
Batting: LHB Kazuyoshi Nakamura 0-0: Called Strike
0-1: Foul Ball, location: 2F
0-2: Ball
1-2: Ball
2-2: Foul Ball, location: 2F
2-2: Ball
3-2: Foul Ball, location: 2F
3-2: Ground out 6-3 (Groundball, 6, EV 101.2 MPH)
Batting: RHB Jose Argueta 0-0: Called Strike
0-1: Ball
1-1: Ground out 4-3 (Groundball, 34, EV 91.2 MPH)
Batting: LHB Matt Steinke 0-0: Ball
1-0: Fly out, F7 (Flyball, 78M, EV 83.1 MPH)
Top of the 1st over - 0 runs, 0 hits, 0 errors, 0 left on base; Mahoning Valley 0 - Los Angeles (NYP) 0
BOTTOM OF THE 1ST
Los Angeles (NYP) Angels batting - Pitching for Mahoning Valley Scrappers : RHP Josh Hughes
Pitching: RHP Josh Hughes
Batting: RHB Ken Hillman 0-0: SINGLE (Groundball, 56S, EV 70.0 MPH) (infield hit)
Batting: RHB Scott Webb 0-0: Ball
Ken Hillman steals 2nd base
1-0: Foul Ball, location: 2F
1-1: Ground out 1-3 (Groundball, 15S, EV 73.8 MPH)
Batting: LHB Mario Anguiano 0-0: Ball
1-0: Fly out, F3 (Line Drive, 34, EV 72.5 MPH)
Batting: RHB Dan Myers 0-0: Called Strike
0-1: Ball
1-1: Called Strike
1-2: Ball
2-2: Strikes out looking
Bottom of the 1st over - 0 runs, 1 hit, 0 errors, 1 left on base; Mahoning Valley 0 - Los Angeles (NYP) 0
TOP OF THE 2ND
Mahoning Valley Scrappers batting - Pitching for Los Angeles (NYP) Angels : RHP Kunihiro Sasaki
Batting: LHB Dave Key 0-0: Fly out, F9 (Flyball, 9, EV 84.4 MPH)
Batting: RHB Chris Folse 0-0: Ball
1-0: Called Strike
1-1: Ball
2-1: Ball
3-1: Base on Balls
Batting: RHB Jonathan Livingston 0-0: Ball
1-0: DOUBLE (Flyball, 78D, EV 84.4 MPH)
Chris Folse to third
Runner from 3rd tries for Home, throw by CF and OUT! 8-6-2
Runner from 2nd tries for 3rd, throw by C and OUT! 2-6-5 Double Play!
Top of the 2nd over - 0 runs, 1 hit, 0 errors, 0 left on base; Mahoning Valley 0 - Los Angeles (NYP) 0
BOTTOM OF THE 2ND
Los Angeles (NYP) Angels batting - Pitching for Mahoning Valley Scrappers : RHP Josh Hughes
Batting: LHB Edgar van der Meeren 0-0: Called Strike
0-1: Swinging Strike
0-2: Strikes out looking
Batting: RHB Ivan Barrientos 0-0: Called Strike
0-1: Ball
1-1: Foul Ball, location: 2F
1-2: Ball
2-2: Ball
3-2: DOUBLE (Line Drive, 78D, EV 91.9 MPH)
Batting: RHB Aaron Bryant 0-0: Fly out, F7 (Flyball, 78M, EV 85.6 MPH)
Batting: SHB Tim Connell 0-0: Called Strike
0-1: Called Strike
0-2: Ball
1-2: Ball
2-2: SINGLE (Groundball, 4S, EV 66.2 MPH) (infield hit)
Ivan Barrientos to third
Batting: RHB Malachi Ephron 0-0: Ball
Tim Connell is caught stealing 2nd base 2-4
Bottom of the 2nd over - 0 runs, 2 hits, 0 errors, 1 left on base; Mahoning Valley 0 - Los Angeles (NYP) 0
TOP OF THE 3RD
Mahoning Valley Scrappers batting - Pitching for Los Angeles (NYP) Angels : RHP Kunihiro Sasaki
Batting: LHB Rich Walker 0-0: Fly out, F5 (Popup, 5SF, EV 84.4 MPH)
Batting: RHB Andy Lewis 0-0: Swinging Strike
0-1: Ball
1-1: Ball
2-1: Called Strike
2-2: Strikes out swinging
Batting: RHB John Bianconi 0-0: Ball
1-0: Swinging Strike
1-1: Ball
2-1: Fly out, F8 (Flyball, 8RD, EV 105.6 MPH)
Top of the 3rd over - 0 runs, 0 hits, 0 errors, 0 left on base; Mahoning Valley 0 - Los Angeles (NYP) 0
BOTTOM OF THE 3RD
Los Angeles (NYP) Angels batting - Pitching for Mahoning Valley Scrappers : RHP Josh Hughes
Batting: RHB Malachi Ephron 0-0: Ball
1-0: Called Strike
1-1: Swinging Strike
1-2: Strikes out swinging
Batting: RHB Ken Hillman 0-0: Ball
1-0: Ball
2-0: Swinging Strike
2-1: Ball
3-1: Base on Balls
Batting: RHB Scott Webb 0-0: Called Strike
Ken Hillman steals 2nd base
0-1: Ball
1-1: Called Strike
Ken Hillman steals 3rd base
1-2: Ball
2-2: Fly out, F8 (Flyball, 8LXD, EV 86.2 MPH)
Runner from 3rd tags up, SCORES, no throw by CF
Batting: LHB Mario Anguiano 0-0: SINGLE (Line Drive, 8RS, EV 95.6 MPH)
Batting: RHB Dan Myers 0-0: Ball
1-0: Called Strike
1-1: Fielders Choice at 2nd, 6-4 (Groundball, 6, EV 99.4 MPH)
Bottom of the 3rd over - 1 run, 1 hit, 0 errors, 1 left on base; Mahoning Valley 0 - Los Angeles (NYP) 1
TOP OF THE 4TH
Mahoning Valley Scrappers batting - Pitching for Los Angeles (NYP) Angels : RHP Kunihiro Sasaki
Batting: LHB Kazuyoshi Nakamura 0-0: Foul Ball, location: 2F
0-1: Ball
1-1: Ball
2-1: Foul Ball, location: 2F
2-2: Strikes out swinging
Batting: RHB Jose Argueta 0-0: Called Strike
0-1: Swinging Strike
0-2: Ball
1-2: Ball
2-2: Ball
3-2: Base on Balls
Batting: LHB Matt Steinke 0-0: Ball
1-0: Called Strike
1-1: Foul Ball, location: 2F
1-2: Ball
2-2: Ball
3-2: Hit by Pitch
Jose Argueta to second
Batting: LHB Dave Key 0-0: Ball
1-0: Fly out, F8 (Line Drive, 8LD, EV 86.2 MPH)
Pinch Hitting: LHB Vinny Carreno 0-0: Called Strike
0-1: Ball
1-1: Swinging Strike
1-2: Strikes out swinging
Top of the 4th over - 0 runs, 0 hits, 0 errors, 2 left on base; Mahoning Valley 0 - Los Angeles (NYP) 1
BOTTOM OF THE 4TH
Los Angeles (NYP) Angels batting - Pitching for Mahoning Valley Scrappers : RHP Josh Hughes
Now in RF: Vinny Carreno
Batting: LHB Edgar van der Meeren 0-0: Called Strike
0-1: Foul Ball, location: 2F
0-2: Ball
1-2: Strikes out swinging, 2-3 out at first.
Batting: RHB Ivan Barrientos 0-0: Ground out 5-3 (Groundball, 56S, EV 68.1 MPH)
Batting: RHB Aaron Bryant 0-0: Ball
1-0: Ground out 4-3 (Groundball, 4MD, EV 86.9 MPH)
Bottom of the 4th over - 0 runs, 0 hits, 0 errors, 0 left on base; Mahoning Valley 0 - Los Angeles (NYP) 1
TOP OF THE 5TH
Mahoning Valley Scrappers batting - Pitching for Los Angeles (NYP) Angels : RHP Kunihiro Sasaki
Batting: RHB Jonathan Livingston 0-0: Swinging Strike
0-1: Called Strike
0-2: Strikes out swinging
Batting: LHB Rich Walker 0-0: Ball
1-0: SOLO HOME RUN (Flyball, 9LD, EV 91.9 MPH), Distance : 354 ft
Batting: RHB Andy Lewis 0-0: Ball
1-0: Ball
2-0: Foul Ball, location: 2F
2-1: Foul Ball, location: 2F
2-2: Ball
3-2: Foul Ball, location: 2F
3-2: Foul Ball, location: 2F
3-2: Foul Ball, location: 2F
3-2: Ground out 5-3 (Groundball, 56S, EV 81.2 MPH)
Batting: RHB John Bianconi 0-0: SINGLE (Groundball, 34S, EV 68.8 MPH) (infield hit)
Batting: LHB Kazuyoshi Nakamura 0-0: Ball
John Bianconi steals 2nd, throwing error, E2
John Bianconi to third
1-0: Called Strike
1-1: Foul Ball, location: 2F
1-2: Ball
2-2: Ball
3-2: Foul Ball, location: 2F
3-2: Foul Ball, location: 2F
3-2: Ground out 3-1 (Groundball, 34S, EV 86.2 MPH)
Top of the 5th over - 1 run, 2 hits, 1 error, 1 left on base; Mahoning Valley 1 - Los Angeles (NYP) 1
BOTTOM OF THE 5TH
Los Angeles (NYP) Angels batting - Pitching for Mahoning Valley Scrappers : RHP Josh Hughes
Batting: SHB Tim Connell 0-0: Ball
1-0: Called Strike
1-1: Swinging Strike
1-2: Ball
2-2: Strikes out swinging
Batting: RHB Malachi Ephron 0-0: Called Strike
0-1: Ball
1-1: Foul Ball, location: 2F
1-2: Strikes out swinging
Batting: RHB Ken Hillman 0-0: Called Strike
0-1: Hit by Pitch
Batting: RHB Scott Webb 0-0: Called Strike
0-1: Called Strike
0-2: Ball
Ken Hillman steals 2nd base
1-2: Foul Ball, location: 2F
1-2: Ball
Wild Pitch!
Ken Hillman to third
2-2: SINGLE (Groundball, 56D, EV 105.0 MPH)
Ken Hillman scores
Batting: LHB Mario Anguiano 0-0: Ball
1-0: Called Strike
1-1: Foul Ball, location: 2F
1-2: Strikes out swinging
Bottom of the 5th over - 1 run, 1 hit, 0 errors, 1 left on base; Mahoning Valley 1 - Los Angeles (NYP) 2
TOP OF THE 6TH
Mahoning Valley Scrappers batting - Pitching for Los Angeles (NYP) Angels : RHP Kunihiro Sasaki
Batting: RHB Jose Argueta 0-0: Ball
1-0: Ball
2-0: Ground out 4-3 (Groundball, 4, EV 88.1 MPH)
Batting: LHB Matt Steinke 0-0: Called Strike
0-1: Called Strike
0-2: Foul Ball, location: 2F
0-2: Ball
1-2: SOLO HOME RUN (Flyball, 7LD, EV 93.1 MPH), Distance : 364 ft
Pitching: RHP Victor Padilla
Batting: LHB Dave Key 0-0: Called Strike
0-1: Ball
1-1: Ball
2-1: Foul Ball, location: 2F
2-2: Fly out, F2 (Popup, 5SF, EV 74.4 MPH)
Batting: LHB Vinny Carreno 0-0: Swinging Strike
0-1: Ball
1-1: Hit by Pitch
Batting: RHB Jonathan Livingston 0-0: Called Strike
0-1: Foul Ball, location: 2F
0-2: Foul Ball, location: 2F
0-2: 2-RUN HOME RUN (Flyball, 7LD, EV 93.8 MPH), Distance : 367 ft
Batting: LHB Rich Walker 0-0: Foul Ball, location: 2F
0-1: Swinging Strike
0-2: Ball
1-2: SINGLE (Groundball, 34D, EV 99.4 MPH)
Batting: RHB Andy Lewis 0-0: Called Strike
0-1: Ball
1-1: Fly out, F7 (Flyball, 7LSF, EV 85.6 MPH)
Top of the 6th over - 3 runs, 3 hits, 0 errors, 1 left on base; Mahoning Valley 4 - Los Angeles (NYP) 2
BOTTOM OF THE 6TH
Los Angeles (NYP) Angels batting - Pitching for Mahoning Valley Scrappers : RHP Josh Hughes
Batting: RHB Dan Myers 0-0: Ball
1-0: Called Strike
1-1: Ball
2-1: Foul Ball, location: 2F
2-2: Ball
3-2: Base on Balls
Batting: LHB Edgar van der Meeren 0-0: Called Strike
0-1: Ball
1-1: Ball
2-1: Grounds into double play, 4-6-3 (Groundball, 4, EV 90.6 MPH)
Batting: RHB Ivan Barrientos 0-0: Ball
1-0: SINGLE (Groundball, 56S, EV 68.1 MPH) (infield hit)
Batting: RHB Aaron Bryant 0-0: Ball
Ivan Barrientos steals 2nd base
1-0: Called Strike
1-1: Ball
2-1: Called Strike
2-2: Foul Ball, location: 2F
2-2: Ball
3-2: Foul Ball, location: 2F
3-2: Ground out 6-3 (Groundball, 6D, EV 109.4 MPH)
Bottom of the 6th over - 0 runs, 1 hit, 0 errors, 1 left on base; Mahoning Valley 4 - Los Angeles (NYP) 2
TOP OF THE 7TH
Mahoning Valley Scrappers batting - Pitching for Los Angeles (NYP) Angels : RHP Victor Padilla
Pinch Hitting: LHB Dustin Taylor 0-0: Ball
1-0: Called Strike
1-1: Called Strike
1-2: Ball
2-2: Ball
3-2: Ground out U3 (Groundball, 3, EV 109.4 MPH)
Batting: LHB Kazuyoshi Nakamura 0-0: Called Strike
0-1: Fly out, F7 (Flyball, 7D, EV 92.5 MPH)
Batting: RHB Jose Argueta 0-0: Ball
1-0: Fly out, F9 (Flyball, 89M, EV 90.6 MPH)
Top of the 7th over - 0 runs, 0 hits, 0 errors, 0 left on base; Mahoning Valley 4 - Los Angeles (NYP) 2
BOTTOM OF THE 7TH
Los Angeles (NYP) Angels batting - Pitching for Mahoning Valley Scrappers : RHP Josh Hughes
Now at SS: Ricky Cordova
Now in LF: Andy Lewis
Now in CF: Devon Grant
Batting: SHB Tim Connell 0-0: Ball
1-0: Foul Ball, location: 2F
1-1: Ball
2-1: Ground out 4-3 (Groundball, 4, EV 86.2 MPH)
Batting: RHB Malachi Ephron 0-0: Swinging Strike
0-1: Ball
1-1: SINGLE (Groundball, 6D, EV 98.1 MPH)
Batting: RHB Ken Hillman 0-0: Called Strike
0-1: Ball
1-1: DOUBLE (Groundball, 5L, EV 102.5 MPH)
Malachi Ephron to third
Batting: RHB Scott Webb 0-0: Called Strike
0-1: Called Strike
0-2: Strikes out swinging
Pitching: LHP Ayaz bin Jalal
Pinch Hitting: RHB Kyle Gray 0-0: Called Strike
0-1: Ball
1-1: Foul Ball, location: 2F
1-2: Ball
2-2: Ball
3-2: Foul Ball, location: 2F
3-2: Foul Ball, location: 2F
3-2: Foul Ball, location: 2F
3-2: Base on Balls
Pitching: RHP Ian Nordquist
Batting: RHB Dan Myers 0-0: Ball
1-0: DOUBLE (Line Drive, 78M, EV 98.8 MPH)
Malachi Ephron scores
Ken Hillman scores
Kyle Gray to third
Runner from 3rd tries for Home, SAFE, no throw by LF
Batting: LHB Edgar van der Meeren 0-0: Ball
1-0: Called Strike
1-1: Ball
2-1: Ball
3-1: Swinging Strike
3-2: Strikes out swinging
Bottom of the 7th over - 3 runs, 3 hits, 0 errors, 1 left on base; Mahoning Valley 4 - Los Angeles (NYP) 5
TOP OF THE 8TH
Mahoning Valley Scrappers batting - Pitching for Los Angeles (NYP) Angels : RHP Victor Padilla
Now at 1B: Matthew Bale
Batting: LHB Matt Steinke 0-0: Foul Ball, location: 2F
0-1: Ball
1-1: Ball
2-1: Ground out 4-3 (Groundball, 4, EV 83.1 MPH)
Batting: LHB Dave Key 0-0: Ball
1-0: Called Strike
1-1: Ball
2-1: Ball
3-1: Called Strike
3-2: Ground out 6-3 (Groundball, 6, EV 103.8 MPH)
Batting: LHB Vinny Carreno 0-0: Called Strike
0-1: Ball
1-1: SINGLE (Line Drive, 89S, EV 104.4 MPH)
Pitching: RHP Manuel Vega
Pinch Hitting: LHB Hirakito Herring 0-0: Ball
1-0: Ball
2-0: Foul Ball, location: 2F
2-1: Called Strike
2-2: 2-RUN HOME RUN (Flyball, 89XD, EV 106.9 MPH), Distance : 442 ft
Batting: LHB Rich Walker 0-0: Ball
1-0: Foul Ball, location: 2F
1-1: Ball
2-1: Called Strike
2-2: Foul Ball, location: 2F
2-2: Strikes out swinging, 2-3 out at first.
Top of the 8th over - 2 runs, 2 hits, 0 errors, 0 left on base; Mahoning Valley 6 - Los Angeles (NYP) 5
BOTTOM OF THE 8TH
Los Angeles (NYP) Angels batting - Pitching for Mahoning Valley Scrappers : RHP Ian Nordquist
Now at SS: Reynaldo Herrera
Batting: RHB Ivan Barrientos 0-0: Called Strike
0-1: Swinging Strike
0-2: Ball
1-2: Strikes out swinging
Batting: RHB Aaron Bryant 0-0: Swinging Strike
0-1: Swinging Strike
0-2: Ball
1-2: Strikes out swinging
Batting: SHB Tim Connell 0-0: Foul Ball, location: 2F
0-1: Swinging Strike
0-2: Ball
1-2: Ball
2-2: Foul Ball, location: 2F
2-2: Foul Ball, location: 2F
2-2: Strikes out looking
Bottom of the 8th over - 0 runs, 0 hits, 0 errors, 0 left on base; Mahoning Valley 6 - Los Angeles (NYP) 5
TOP OF THE 9TH
Mahoning Valley Scrappers batting - Pitching for Los Angeles (NYP) Angels : RHP Manuel Vega
Batting: RHB Andy Lewis 0-0: Ball
1-0: Ball
2-0: Ground out 4-3 (Groundball, 4, EV 86.2 MPH)
Batting: LHB Devon Grant 0-0: Called Strike
0-1: Called Strike
0-2: Ball
1-2: Ground out 6-3 (Groundball, 6, EV 104.4 MPH)
Batting: LHB Kazuyoshi Nakamura 0-0: Called Strike
0-1: Ball
1-1: Fly out, F9 (Flyball, 9LM, EV 81.9 MPH)
Top of the 9th over - 0 runs, 0 hits, 0 errors, 0 left on base; Mahoning Valley 6 - Los Angeles (NYP) 5
BOTTOM OF THE 9TH
Los Angeles (NYP) Angels batting - Pitching for Mahoning Valley Scrappers : RHP Ian Nordquist
Pitching: LHP Micah Watson
Now in LF: Brandon Hopper
Now in CF: Andy Lewis
Now in RF: Devon Grant
Batting: RHB Malachi Ephron 0-0: Called Strike
0-1: Ground out 4-3 (Groundball, 34, EV 101.9 MPH)
Batting: RHB Ken Hillman 0-0: Called Strike
0-1: Foul Ball, location: 2F
0-2: Ball
1-2: Ball
2-2: Foul Ball, location: 2F
2-2: Strikes out swinging
Batting: RHB Scott Webb 0-0: Ball
1-0: Ground out 6-3 (Groundball, 56, EV 81.9 MPH)
Bottom of the 9th over - 0 runs, 0 hits, 0 errors, 0 left on base; Mahoning Valley 6 - Los Angeles (NYP) 5
Sunday, July 16th , 2023 - OOTP Baseball 24.6 Build 69